 Dungeon Crawl Stone Soup version 0.22.1-1-ga44c0e5 (webtiles) character file.

96 HoaS the Skirmisher (level 4, -1/30 HPs)
             Began as a Gargoyle Monk on Oct 21, 2018.
             Killed from afar by an orc wizard (3 damage)
             ... with a magic dart
             ... on level 3 of the Dungeon.
             The game lasted 00:08:17 (2100 turns).

HoaS the Skirmisher (Gargoyle Monk)                 Turns: 2100, Time: 00:08:18

Health: -1/30      AC: 10    Str: 16    XL:     4   Next: 67%
Magic:  4/4        EV: 10    Int: 10    God:
Gold:   121        SH:  0    Dex: 12    Spells: 3/3 levels left

rFire    . . .     SeeInvis .     - Unarmed
rCold    . . .     Gourm    .   (no shield)
rNeg     + . .     Faith    .   g - +0 scale mail
rPois    ∞         Spirit   .   (no helmet)
rElec    +         Reflect  .   (no cloak)
rCorr    +         Harm     .   (no gloves)
MR       +....                  (no boots)
Stlth    +.........             (no amulet)
HPRegen  0.10/turn              i - ring of protection from magic
MPRegen  0.09/turn              a - ring of resist corrosion

@: no status effects
A: negative energy resistance 1, electricity resistance, unbreathing,
petrification resistance, rot immunity, AC +3
a: no special abilities


You were on level 3 of the Dungeon.
You were not hungry.

You visited 1 branch of the dungeon, and saw 3 of its levels.

You collected 121 gold pieces.

Inventory:

Armour
 g - a +0 scale mail (worn)
Jewellery
 a - a ring of resist corrosion (right hand)
 i - a ring of protection from magic (left hand)
 j - a cursed -5 ring of protection {unknown}
Scrolls
 c - 2 scrolls of remove curse
Potions
 d - a potion of curing
 e - a potion of invisibility {unknown}
 f - a potion of degeneration {unknown}
 h - a potion of ambrosia {unknown}
 l - a potion of mutation {unknown}
Comestibles
 b - 4 rations
 m - 4 chunks of flesh


   Skills:
 * Level 4.4 Fighting
 + Level 1.7 Armour
 - Level 2.4 Dodging
 - Level 2.1 Stealth
 * Level 4.0 Unarmed Combat


You had 3 spell levels left.
You didn't know any spells.
Your spell library was empty.

Dungeon Overview and Level Annotations

Branches:
Dungeon (3/15)

Altars:
Dithmenos
Uskayaw
Xom


Innate Abilities, Weirdness & Mutations

You are resistant to torment.
Your stone body is resilient. (AC +3)
You are immune to poison.
You resist negative energy. (rN+)
You are resistant to electric shocks. (rElec)
You can survive without breathing.
You are immune to petrification.
You are immune to rotting.


Message History

The orc wizard hits you but does no damage.
You closely miss the orc priest.
The orc priest is almost dead.
The orc priest begins to cast a cantrip, but forgets the words!
The orc wizard hits you with a dagger.
* * * LOW HITPOINT WARNING * * *
You closely miss the orc priest.
The orc priest is almost dead.
The orc wizard casts a spell.
The orc wizard blinks!
The orc priest hits you but does no damage.
You hit the orc priest.
The orc priest is almost dead.
The orc priest closely misses you.
The orc wizard gestures wildly while chanting.
The orc wizard flickers and vanishes!
Deactivating autopickup; reactivate with Ctrl-A.
The orc wizard points at you and mumbles some strange words.
The magic dart hits you!
You die...

#.# ###.o. #.# #......
#.# ....o #.# ...
#(#####.# #.......# ##
#..###### .
####..#########.# ####
#######.....{o@)..o....
...o
#.......###.###########
.### #.#.##.## #.#
#.#[##.# #.# #.#.##.#
#.# ##.#.##.. ...
##....#### #.# #.....#
#.# #....## #.#


You could see an orc priest and an orc wizard.

Vanquished Creatures
  2 adders
  An ooze (D:2)
  A worm (D:2)
  3 dart slugs
  2 leopard geckos
  3 orcs
  3 ball pythons
  13 bats
  3 giant cockroaches
  3 goblins
  8 hobgoblins
  6 kobolds
  4 frilled lizards (D:2)
  6 rats
58 creatures vanquished.

Notes
Turn   | Place    | Note
-------+----------+-------------------------------------------
     0 | D:1      | HoaS the Gargoyle Monk began the quest for the Orb.
     0 | D:1      | Reached XP level 1. HP: 14/14 MP: 1/1
   297 | D:1      | Reached XP level 2. HP: 19/19 MP: 2/2
   636 | D:1      | Reached skill level 1 in Armour
   636 | D:1      | Reached XP level 3. HP: 24/24 MP: 3/3
  1289 | D:2      | Found a shimmering altar of Xom.
  1446 | D:2      | Found a hide-covered altar of Uskayaw.
  1446 | D:2      | Found a shadowy altar of Dithmenos.
  1471 | D:2      | Reached XP level 4. HP: 27/29 MP: 4/4
  2100 | D:3      | Killed from afar by an orc wizard

Skill      XL: |  1  2  3  4 |
---------------+-------------+-----
Armour         | 1 |  1.7
Fighting       | 4 |  4.4
Unarmed Combat | 4 |  4.0
Dodging        | |  2.4
Stealth        | |  2.1

Action                   |  1- 3 |  4- 6 || total
-------------------------+-------+-------++-------
Melee: Unarmed           |   162 |    89 ||   251
       Punch             |     3 |     6 ||     9
  Use: Scroll            |     5 |     1 ||     6
 Stab: Sleeping          |     1 |       ||     1
  Eat: Chunk             |     2 |     2 ||     4
Armor: Robe              |    37 |       ||    37
       Ring mail         |    62 |    10 ||    72
       Scale mail        |       |    34 ||    34
Dodge: Dodged            |   130 |    50 ||   180
